 Dungeon Crawl Stone Soup version 0.21.1-1-g345015fe64 (webtiles) character file.

26 Revguard the Skirmisher (level 2, -3/25 HPs)
             Began as a Demonspawn Abyssal Knight on June 14, 2018.
             Was a Follower of Lugonu.
             Slain by Sigmund
             ... wielding a +0 scythe
              (12 damage)
             ... on level 2 of the Dungeon.
             The game lasted 00:03:09 (969 turns).

Revguard the Skirmisher (Demonspawn Abyssal Knight)  Turns: 969, Time: 00:03:10

Health: -3/25      AC:  3    Str: 12    XL:     2   Next: 89%
Magic:  3/3        EV: 11    Int: 16    God:    Lugonu [*.....]
Gold:   59         SH:  0    Dex: 12    Spells: 1/1 levels left

rFire    . . .     SeeInvis .   d - +9 hand axe "Cef Nua" {chop, rC+ Int+3}
rCold    + + .     Gourm    .   (no shield)
rNeg     . . .     Faith    .   b - +0 leather armour
rPois    .         Spirit   .   (no helmet)
rElec    .         Reflect  .   (no cloak)
rCorr    .         Harm     .   (no gloves)
MR       .....                  (no boots)
Stlth    +.........             (no amulet)
HPRegen  0.08/turn              (no ring)
MPRegen  0.08/turn              (no ring)

@: confused
A: cold resistance 1
a: Depart the Abyss, Renounce Religion


You were on level 2 of the Dungeon.
You worshipped Lugonu.
Lugonu was aware of your devotion.
You were not hungry.

You visited 1 branch of the dungeon, and saw 2 of its levels.
You visited the Abyss 1 time.

You collected 59 gold pieces.

Inventory:

Hand Weapons
 a - a +1 falchion
 d - the +9 hand axe "Cef Nua" (weapon) {chop, rC+ Int+3}
   (You found it on level 2 of the Abyss)

   It inflicts extra damage upon your enemies.
   It affects your intelligence (+3).
   It protects you from cold.
Armour
 b - a +0 leather armour (worn)
Wands
 e - a wand of flame (24)
Scrolls
 f - 2 scrolls of identify {unknown}
 h - a scroll of noise {unknown}
 i - a scroll of blinking {unknown}
 k - a scroll of remove curse {unknown}
Potions
 g - a potion of curing {unknown}
 j - a potion of flight {unknown}
Comestibles
 c - a ration


   Skills:
 + Level 3.8 Fighting
 - Level 1.7 Long Blades
 * Level 0.9 Axes
 + Level 1.8 Armour
 + Level 0.9 Dodging
 + Level 2.6 Invocations


You had one spell level left.
You didn't know any spells.

Dungeon Overview and Level Annotations

Branches:
Dungeon (2/15)

Altars:

Annotations:
D:2 Sigmund


Innate Abilities, Weirdness & Mutations

Your flesh is cold resistant. (rC+)


Message History

You are more confused.
You bump into the rock wall.
You bump into the rock wall.
Sigmund hits you from afar with a scythe.
You bump into the rock wall.
You bump into the rock wall.
Sigmund hits you from afar with a scythe!
You bump into the rock wall.
Sigmund barely misses you.
The adder hisses angrily.
Evoke which item? (* to show all) (? for menu, Esc to quit)
You're too confused!
You slash Sigmund!
Sigmund is heavily wounded.
Sigmund barely misses you.
You bump into the rock wall.
Sigmund gestures wildly while chanting.
Sigmund flickers and vanishes!
Deactivating autopickup; reactivate with Ctrl-A.
You completely miss something. Something hits you!
You die...

....#.# ....#..
....#.# #.#.#.#
#.#.#.# #.#.#.#
#.#S#.# #..{@.#
###.### #.# ###.##
#....### #......#
#....#.###########
#.[..#.#.........####
#....#.#............#


You could see an adder.

Vanquished Creatures
  A dart slug (D:1)
  A leopard gecko (D:1)
  A giant cockroach (D:1)
  2 goblins (D:1)
  3 hobgoblins (D:1)
  4 jackals (D:1)
  A kobold (D:1)
  A bat (D:1)
  A frilled lizard (D:1)
  7 rats (D:1)
22 creatures vanquished.

Notes
Turn   | Place    | Note
-------+----------+-------------------------------------------
     0 | Abyss:1  | Revguard the Demonspawn Abyssal Knight began the quest for the Orb.
     0 | Abyss:1  | Reached XP level 1. HP: 18/18 MP: 2/2
    24 | Abyss:2  | Got an ancient hand axe
    25 | Abyss:2  | Noticed a large abomination
    41 | D:1      | Escaped the Abyss
    42 | D:1      | Identified the +9 hand axe "Cef Nua" {chop, rC+ Int+3} (You found it on level 2 of the Abyss)
   138 | D:1      | Reached * piety under Lugonu
   143 | D:1      | Gained mutation: Your flesh is cold resistant. (rC+) [demonic ancestry]
   143 | D:1      | Reached XP level 2. HP: 22/24 MP: 3/3
   948 | D:2      | Noticed Sigmund
   969 | D:2      | Slain by Sigmund

Action                   || total
-------------------------++-------
Melee: Hand axe          ||    43
Invok: Depart the Abyss  ||     1
Evoke: Wand              ||     4
Armor: Leather armour    ||     8
Dodge: Dodged            ||    23
